 Dungeon Crawl Stone Soup version 0.29.0-11-gd7f09526c8 (webtiles) character file.

Game seed: 17516237778009354763

5 xian the Trooper (level 1, -1/24 HPs)
             Began as an Ogre Delver on Sept 3, 2022.
             Slain by an orc
             ... wielding a +0 hand axe
              (3 damage)
             ... on level 5 of the Dungeon.
             The game lasted 00:01:00 (242 turns).

xian the Trooper (Ogre Delver)                       Turns: 242, Time: 00:01:00

Health: -1/24      AC:  3    Str: 15    XL:     1   Next: 80%
Magic:  1/1        EV:  9    Int: 11    God:
Gold:   0          SH:  0    Dex: 10    Spells: 0/0 levels left

rFire   . . .      SeeInvis .   a - +0 hand axe
rCold   . . .      Faith    .   (no shield)
rNeg    . . .      Spirit   .   b - +0 robe
rPois   .          Reflect  .   (helmet restricted)
rElec   .          Harm     .   (no cloak)
rCorr   .          Rampage  .   (gloves unavailable)
Will    .....                   (boots unavailable)
Stlth   ++........              (no amulet)
HPRegen 0.08/turn               (no ring)
MPRegen 0.07/turn               (no ring)

@: no status effects
A: large, unfitting armour, tough skin 1
a: no special abilities


You were on level 5 of the Dungeon.
You visited 2 branches of the dungeon, and saw 2 of its levels.

Inventory:

Hand Weapons
 a - a +0 hand axe (weapon)
Armour
 b - a +0 robe (worn)
Wands
 g - a wand of digging (3)
Scrolls
 d - a scroll of magic mapping
 e - a scroll of fear
Potions
 f - a potion of haste
 h - a potion of brilliance {unknown}


   Skills:
 + Level 4.1 Fighting
 + Level 2.0 Axes
 + Level 1.7 Dodging
 + Level 3.9 Stealth


You couldn't memorise any spells.
You didn't know any spells.
Your spell library contained the following spells:

 Spells                   Type           Power      Damage    Failure   Level
 Call Canine Familiar     Summ           0%         N/A       71%         3
 Portal Projectile        Hex/Tloc       0%         N/A       71%         3
 Leda's Liquefaction      Hex/Erth       0%         N/A       98%         4


Dungeon Overview and Level Annotations

Branches:
Dungeon (5/15)             Temple (1/1) D:5

Altars:
Cheibriados
Dithmenos
Hepliaklqana
Kikubaaqudgha
Makhleb
Ru
Trog
Xom
Yredelemnul
The Shining One


Innate Abilities, Weirdness & Mutations

You are too large for most types of armour.
You have tough skin. (AC +1)


Message History

Found a bloodstained altar of Trog.
There is a shimmering altar of Xom here.
Found a sacrificial altar of Ru.
Found a burning altar of Makhleb.
Found an ancient bone altar of Kikubaaqudgha.
Found two altars.
Done exploring.
Done exploring.
There is a shimmering altar of Xom here.
There is an open gate here.
There is a staircase back to the Dungeon here.
You can't go down here!
You climb upwards.
The orc wizard gestures wildly while chanting.
The orc wizard flickers and vanishes!
Deactivating autopickup; reactivate with Ctrl-A.
There is a staircase to the Ecumenical Temple here.
The orc shouts!
A magic dart appears from out of thin air!
The magic dart hits you!
Something tries to affect you, but you resist.
The orc attacks as you move away! The orc hits you with a +0 hand axe.
Found a fizzy yellow potion.
The orc attacks as you move away! The orc hits you with a +0 hand axe.
You see here a fizzy yellow potion.
h - a fizzy yellow potion The orc hits you with a +0 hand axe.
* * * LOW HITPOINT WARNING * * *
The orc wizard casts a spell.
The orc wizard flickers and vanishes!
Unknown command.
As you read the scroll of fog, it crumbles to dust.
The scroll dissolves into smoke.
The orc hits you with a +0 hand axe.
* * * LOW HITPOINT WARNING * * *
The orc hits you with a +0 hand axe.
* * * LOW HITPOINT WARNING * * *
The orc attacks as you move away! The orc closely misses you.
Found 6 stones.
The orc attacks as you move away! The orc barely misses you.
The orc attacks as you move away! The orc hits you with a +0 hand axe.
You die...

#{#.##................#
#.#.##......###...###.#
#.#.###.#.#...#.⌠.# ...
#§#.# #.#.#...#...# .##
#§#.# .#.#.........
#§#.#####.###.#######
#§#.......# .#
#{###########.#
#§§§§.{.o@..(.#
###############


You could see an orc.

Vanquished Creatures
  An ufetubus (D:5)
1 creature vanquished.

Notes
Turn   | Place    | Note
-------+----------+-------------------------------------------
     0 | D:5      | xian the Ogre Delver began the quest for the Orb.
     0 | D:5      | Reached XP level 1. HP: 24/24 MP: 1/1
     2 | D:5      | Found a staircase to the Ecumenical Temple.
    10 | D:5      | Noticed an orc wizard
    17 | Temple   | Entered the Ecumenical Temple
   234 | D:5      | HP: 1/24 [orc/+0 hand axe (2)]
   242 | D:5      | Slain by an orc

Illustrated notes

Levels and vault maps discovered:
D:5:      layout_basic, nicolae_vehumet_altar_sigil,
          minmay_temple_entry_junction_2, uniq_menkaure
Temple:   cyrus_temple_forest

Action                   || total
-------------------------++-------
Melee: Hand axe          ||     3
  Use: Scroll            ||     1
Armor: Robe              ||     6
Dodge: Dodged            ||     4
